Map: Polka LE

Players

Guwbu

  • Race: Terran Terran
  • League: Platinum

Patrykos

  • Race: Protoss Protoss

qqq - Winner!

  • Race: Zerg Zerg

Massa - Winner!

  • Race: Terran Terran
  • League: Platinum

VOD

Have the link to the VOD?

Description

Time

  • Played on: April 19, 2021, 3:06 p.m.
  • Length: 18:26
Show
View Real Time Build Order
Export as new Build Order

Guwbu Terran 

Build Orders:  

Get SALT Encoding   

  12  0:00  SCV  
  13  0:12  SCV  
  14  0:27  SCV, Supply Depot  
  15  0:42  Refinery  
  15  0:49  SCV  
  16  0:50  Barracks  
  16  1:01  SCV  
  17  1:23  SCV  
  17  1:36  SCV  
  18  1:48  SCV  
  18  1:53  Command Center  
  19  2:00  SCV  
  20  2:03  Barracks, Marine  
  21  2:20  Marine  
  22  2:23  Orbital Command  
  22  2:38  Marine  
  23  2:55  Factory  
  23  3:00  Refinery  
  23  3:05  Orbital Command, Marine, SCV  
  25  3:13  Marine  
  25  3:17  SCV  
  27  3:22  Marine  
  28  3:29  SCV  
  28  3:32  SCV  
  30  3:41  SCV  
  30  3:45  SCV  
  30  4:05  Marine x2  
  30  4:07  Factory Tech Lab  
  28  4:18  SCV x2  
  28  4:21  Starport  
  28  4:23  Starport, Marine  
  31  4:25  Starport  
  31  4:27  Starport  
  31  4:28  Refinery x2  
  31  4:29  Marine  
  31  4:30  SCV x2  
  34  4:40  Marine  
  34  4:42  SCV x2  
  36  4:46  Marine  
  36  4:55  Siege Tank  
  36  4:58  Marine  
  37  5:15  SCV  
  37  5:17  Starport Tech Lab x2  
  37  5:18  Starport Tech Lab  
  38  6:07  Supply Depot  
  38  6:08  Supply Depot x2  
  38  6:09  Starport Tech Lab  
  37  6:12  Supply Depot  
  36  6:29  Banshee, Siege Tank, Marine, SCV x2  
  36  6:30  Banshee x2, Supply Depot  
  36  6:31  Cloaking Field  
  51  6:41  SCV x2  
  53  6:52  Marine  
  53  6:53  SCV x2  
  56  7:05  SCV, Banshee  
  56  7:06  SCV  
  61  7:18  SCV x2  
  61  7:19  Banshee x2  
  69  7:25  Supply Depot  
  69  7:30  Supply Depot  
  69  7:31  Hyperflight Rotors  
  69  7:34  Marine  
  70  7:46  Banshee, SCV x2  
  70  7:48  Banshee  
  78  7:52  Marine  
  79  8:01  Siege Tank  
  79  8:02  Banshee  
  79  8:04  Supply Depot  
  85  8:06  Command Center  
  85  8:09  Marine  
  86  8:25  Banshee  
  89  8:27  Marine  
  89  8:28  Supply Depot  
  89  8:29  SCV x2  
  92  8:41  SCV  
  93  8:44  Fusion Core  
  93  8:45  Marine  
  94  8:49  Siege Tank  
  94  8:50  Medivac x2  
  101  8:58  Supply Depot  
  101  8:59  Armory  
  101  9:09  Marine  
  102  9:17  SCV x2, Medivac  
  102  9:21  Supply Depot  
  106  9:27  Marine  
  98  9:46  Orbital Command  
  98  9:49  Engineering Bay  
  98  9:55  Battlecruiser x3  
  98  9:59  Marine  
  117  10:05  Orbital Command  
  117  10:08  Battlecruiser  
  123  10:17  Marine  
  124  10:22  Terran Ship Weapons Level 1  
  124  10:25  Supply Depot  
  124  10:28  Supply Depot x2  
  124  10:33  Missile Turret  
  124  10:35  SCV x2, Marine  
  126  10:36  SCV  
  128  10:47  SCV, Supply Depot  
  128  10:48  SCV x2  
  131  11:01  Supply Depot  
  131  11:03  Refinery, Supply Depot  
  131  11:06  Supply Depot  
  131  11:07  Refinery  
  131  11:15  Thor  
  125  11:29  SCV x3, Barracks  
  125  11:30  Barracks x2  
  125  11:32  Barracks  
  125  11:33  Barracks  
  125  11:35  Barracks Tech Lab  
  125  11:41  SCV x3  
  128  12:10  Medivac x4  
  103  12:23  Marine  
  103  12:25  Barracks Reactor x4  
  103  12:26  Barracks Reactor  
  85  12:31  Barracks x2  
  85  12:33  Barracks  
  84  12:37  Barracks  
  84  12:40  Medivac x3  
  84  12:41  Marine  
  84  12:43  Terran Infantry Weapons Level 1  
  91  12:45  SCV x2  
  91  12:46  SCV  
  94  12:57  SCV  
  95  12:59  Marine  
  95  13:01  Medivac  
  95  13:02  Marine  
  95  13:03  Marine x3  
  102  13:10  Medivac x2  
  106  13:15  Marine x2, Siege Tank  
  106  13:16  Marine x4  
  106  13:17  Marine  
  106  13:19  Stimpack  
  116  13:20  Marine x2  
  116  13:21  Marine x2  
  120  13:32  Medivac x2  
  120  13:33  Marine x3  
  125  13:34  Marine  
  125  13:40  Medivac x2  
  123  14:01  Marine x3  
  123  14:02  Marine x8  
  134  14:05  Terran Ship Weapons Level 2  
  134  14:10  Medivac x3  
  134  14:15  Engineering Bay  
  128  14:19  Marine x3  
  128  14:20  Marine x7  
  128  14:21  Marine  
  114  14:33  Barracks Reactor x4  
  114  14:37  Marine x3  
  114  14:38  Terran Infantry Armor Level 1, Marine x6  
  108  14:53  Marine x2  
  108  14:56  Terran Infantry Weapons Level 2  
  108  14:58  Combat Shield  
  108  14:59  Medivac x2  
  114  15:13  Supply Depot  
  114  15:28  Marine  
  114  15:29  Marine x10  
  114  15:34  SCV x2  
  127  15:35  Supply Depot  
  127  15:46  SCV  
  128  15:50  Raven x4  
  135  16:14  Marine x6  
  128  16:39  Viking x2  
  111  16:50  Marine x2  
  82  17:13  Viking  
  52  17:55  Marine  
  52  17:56  Marine x11  
Show
View Real Time Build Order
Export as new Build Order

Patrykos Protoss 

Build Orders:  

Get SALT Encoding   

  12  0:00  Probe  
  13  0:12  Probe  
  14  0:19  Pylon  
  14  0:24  Probe  
  15  0:37  Probe (Chrono Boost)  
  15  0:40  Gateway  
  16  0:48  Probe (Chrono Boost)  
  16  0:49  Assimilator  
  17  0:53  Probe (Chrono Boost)  
  18  1:04  Probe  
  19  1:25  Probe  
  20  1:29  Cybernetics Core  
  20  1:33  Assimilator  
  20  1:40  Probe  
  20  1:46  Nexus  
  22  1:54  Probe  
  22  2:10  Pylon  
  22  2:14  Probe  
  23  2:25  Pylon  
  23  2:28  Probe  
  24  2:32  Stargate  
  24  2:36  Shield Battery  
  24  2:40  Probe  
  25  2:55  Forge  
  25  2:56  Probe (Chrono Boost)  
  27  2:58  Probe (Chrono Boost)  
  27  3:08  Probe (Chrono Boost)  
  27  3:09  Probe (Chrono Boost)  
  29  3:13  Probe (Chrono Boost), Void Ray (Chrono Boost)  
  29  3:17  Probe  
  31  3:24  Probe  
  36  3:29  Photon Cannon  
  36  3:32  Photon Cannon  
  36  3:37  Probe  
  36  3:50  Void Ray (Chrono Boost)  
  40  4:17  Void Ray (Chrono Boost)  
  40  4:29  Probe  
  40  4:30  Probe  
  42  4:35  Pylon  
  42  4:36  Stalker (Chrono Boost)  
  42  4:38  Photon Cannon  
  42  4:40  Warp Gate  
  42  4:41  Probe  
  42  4:43  Probe  
  46  4:53  Probe  
  46  4:55  Probe  
  48  5:05  Probe  
  49  5:07  Probe  
  46  5:16  Assimilator x2  
  46  5:17  Probe  
  46  5:19  Probe, Pylon  
  48  5:25  Pylon  
  48  5:29  Probe  
  48  5:31  Probe  
  48  5:33  Gateway  
  48  5:34  Gateway  
  46  5:36  Gateway  
  46  5:38  Gateway  
  46  5:41  Probe  
  47  5:43  Probe  
  47  5:46  Photon Cannon  
  47  5:48  Pylon  
  48  5:50  Pylon  
  48  5:54  Probe  
  48  5:55  Probe  
  50  6:02  Photon Cannon  
  50  6:03  Protoss Ground Weapons Level 1 (Chrono Boost)  
  50  6:06  Probe, Pylon  
  51  6:18  Probe  
  52  6:21  Twilight Council  
  52  6:25  Photon Cannon  
  52  6:28  Pylon  
  52  6:30  Probe, Stalker x2  
  52  6:31  Stalker x2  
  52  6:32  Stalker  
  61  7:03  Stalker  
  61  7:04  Stalker x3  
  61  7:08  Gateway  
  69  7:26  Blink (Chrono Boost)  
  69  7:27  Nexus  
  69  7:29  Pylon  
  67  7:30  Stalker  
  67  7:31  Stalker x3  
  75  7:40  Probe (Chrono Boost)  
  76  7:50  Gateway x2  
  76  7:51  Probe (Chrono Boost)  
  77  7:52  Gateway  
  77  7:55  Probe (Chrono Boost), Protoss Ground Armor Level 1  
  77  7:58  Photon Cannon  
  78  7:59  Photon Cannon  
  78  8:01  Photon Cannon  
  78  8:02  Pylon  
  78  8:06  Probe  
  78  8:08  Pylon  
  78  8:09  Photon Cannon  
  78  8:11  Pylon  
  79  8:15  Zealot x3  
  79  8:18  Probe  
  86  8:23  Shield Battery  
  86  8:36  Templar Archives  
  86  8:38  Probe  
  87  8:41  Zealot x3  
  87  8:42  Zealot  
  87  8:44  Zealot  
  87  8:45  Assimilator  
  87  8:47  Assimilator  
  97  8:50  Probe  
  97  8:54  Photon Cannon  
  97  8:55  Photon Cannon  
  98  9:03  Probe  
  98  9:04  Charge (Chrono Boost), Forge  
  98  9:05  Psionic Storm  
  99  9:15  Probe  
  100  9:17  High Templar  
  100  9:18  High Templar x3  
  100  9:19  Zealot x2  
  100  9:22  Stalker  
  114  9:27  Probe  
  114  9:29  Pylon x2  
  115  9:35  Pylon  
  115  9:39  Probe  
  115  9:42  High Templar x2  
  115  9:45  High Templar  
  122  9:51  High Templar  
  122  9:52  Archon  
  124  9:56  Archon  
  124  9:57  Protoss Ground Weapons Level 2 (Chrono Boost)  
  123  10:01  Robotics Facility  
  123  10:08  Sentry x2  
  127  10:20  Protoss Shields Level 1 (Chrono Boost), Photon Cannon  
  127  10:25  Photon Cannon  
  127  10:27  Photon Cannon  
  127  10:38  Zealot x3  
  127  10:39  Zealot x4  
  141  10:52  Observer (Chrono Boost)  
  142  11:05  Observer (Chrono Boost)  
  143  11:24  Zealot x4  
  143  11:25  Observer, Zealot  
  118  11:40  Stalker x2  
  94  11:56  Zealot x5  
  102  12:07  Nexus  
  102  12:10  Pylon  
  102  12:12  Pylon  
  102  12:14  Pylon  
  102  12:27  Zealot  
  102  12:28  Zealot x6  
  98  12:44  Immortal (Chrono Boost)  
  98  12:49  High Templar x2  
  98  12:50  High Templar x2  
  98  12:51  Stalker x3  
  102  13:07  Photon Cannon  
  102  13:08  Photon Cannon  
  102  13:09  Protoss Shields Level 2 (Chrono Boost)  
  102  13:10  Photon Cannon  
  102  13:12  Photon Cannon  
  100  13:14  Photon Cannon  
  100  13:16  Immortal (Chrono Boost)  
  100  13:19  Gateway  
  104  13:21  Gateway  
  104  13:27  Stalker x3  
  104  13:28  Stalker x3  
  116  13:41  Probe (Chrono Boost)  
  117  13:42  Photon Cannon  
  117  13:43  Photon Cannon  
  117  13:46  Observer (Chrono Boost), Photon Cannon  
  118  13:50  Probe (Chrono Boost)  
  118  13:51  Gateway  
  119  13:55  Probe (Chrono Boost)  
  119  13:58  Zealot x6  
  119  13:59  Zealot  
  134  14:07  Probe  
  135  14:19  Probe  
  103  14:45  Archon  
  89  14:48  Zealot x5  
  89  14:49  Zealot x5  
  89  14:50  Probe (Chrono Boost)  
  107  15:00  Probe (Chrono Boost)  
  107  15:05  Probe (Chrono Boost)  
  106  15:16  Probe  
  101  15:24  Zealot x5, Immortal (Chrono Boost)  
  101  15:25  Zealot x5  
  109  15:28  Probe  
  98  15:40  Nexus  
  98  15:45  Photon Cannon  
  98  15:55  High Templar x4  
  98  15:56  High Templar, Immortal  
  112  16:16  Pylon  
  112  16:17  Pylon  
  110  16:38  Zealot x4  
  110  16:39  Zealot x4  
  124  16:40  Zealot  
  124  16:41  Archon x2  
  74  16:59  Zealot x4  
  74  17:00  Zealot x2  
  86  17:01  Zealot x2  
  86  17:02  Zealot x2  
  74  17:26  Probe (Chrono Boost)  
  73  17:32  Stalker x6  
  73  17:33  Stalker x2  
  73  17:36  Probe (Chrono Boost)  
  84  17:41  Probe (Chrono Boost)  
  69  17:52  Probe  
  66  18:02  Assimilator  
  66  18:05  Assimilator  
  64  18:08  Zealot x3  
  64  18:09  Zealot x6  
  64  18:10  Zealot  
Show
View Real Time Build Order
Export as new Build Order

qqq Zerg - Winner!

Build Orders: Hatch First 

Get SALT Encoding   

  12  0:01  Drone  
  13  0:08  Drone  
  14  0:17  Overlord  
  14  0:46  Hatchery  
  13  0:50  Drone  
  13  0:51  Drone  
  13  0:55  Drone  
  16  1:03  Drone  
  17  1:35  Spawning Pool  
  17  1:36  Extractor  
  17  1:37  Drone x3  
  18  1:48  Extractor  
  18  1:52  Drone  
  18  2:00  Drone  
  19  2:02  Drone  
  21  2:28  Queen x2  
  21  2:29  Drone x2, Overlord  
  27  2:30  Overlord  
  27  2:43  Drone x2  
  28  2:44  Metabolic Boost  
  28  2:51  Drone x2  
  30  3:07  Zergling x8  
  34  3:15  Queen x2  
  38  3:22  Spore Crawler  
  37  3:29  Zergling x4, Overlord  
  37  3:30  Zergling x2  
  37  3:33  Spore Crawler  
  39  3:35  Spore Crawler  
  39  3:36  Zergling x2  
  39  3:37  Zergling x2  
  36  4:04  Zergling x10  
  36  4:05  Zergling x2  
  39  4:16  Zergling x4  
  41  4:34  Zergling x8  
  45  4:43  Zergling x2  
  40  5:17  Queen  
  39  5:25  Zergling x6  
  39  5:26  Drone x3  
  45  5:38  Drone x2  
  45  5:39  Hatchery  
  46  5:50  Drone x2  
  46  5:56  Hatchery  
  40  6:07  Zergling x4  
  40  6:10  Drone x2  
  41  6:14  Hatchery  
  39  6:20  Lair  
  39  6:22  Drone x2  
  39  6:25  Extractor  
  38  6:27  Extractor  
  38  6:29  Extractor  
  36  6:34  Drone x2  
  38  6:45  Drone x2  
  40  6:52  Drone  
  40  6:53  Drone x2  
  43  7:05  Drone x5  
  48  7:20  Spire  
  47  7:23  Queen  
  47  7:26  Drone x3, Overlord x2  
  47  7:27  Drone x3, Overlord  
  55  7:35  Spore Crawler  
  54  7:38  Drone x5  
  54  7:39  Drone x3  
  62  7:44  Queen  
  62  7:50  Overlord  
  64  7:52  Overlord  
  64  7:55  Drone  
  64  7:57  Drone  
  66  8:01  Drone x3  
  69  8:05  Drone  
  69  8:06  Drone  
  69  8:07  Drone  
  72  8:14  Pneumatized Carapace  
  72  8:15  Overseer  
  72  8:23  Drone  
  72  8:24  Drone x4, Infestation Pit  
  72  8:26  Drone x3  
  72  8:27  Drone  
  80  8:35  Drone x3, Mutalisk  
  80  8:36  Mutalisk  
  80  8:37  Mutalisk  
  80  8:40  Overlord  
  89  8:43  Overseer  
  89  8:47  Spore Crawler  
  88  8:49  Spine Crawler  
  88  8:51  Drone x4  
  91  8:56  Extractor  
  91  8:57  Extractor  
  91  9:02  Corruptor x3  
  91  9:03  Mutalisk x2  
  91  9:05  Corruptor  
  91  9:07  Drone x2  
  103  9:19  Drone x2, Mutalisk, Corruptor  
  103  9:21  Overlord x2  
  109  9:25  Overlord x4  
  109  9:48  Mutalisk x5  
  109  9:49  Corruptor  
  109  9:50  Overlord, Corruptor x3  
  109  9:51  Overlord  
  127  10:02  Mutalisk  
  127  10:04  Overlord x3  
  127  10:06  Drone x4  
  127  10:07  Drone x8  
  135  10:10  Extractor x2  
  135  10:12  Extractor  
  138  10:14  Extractor  
  138  10:17  Drone x4  
  138  10:18  Drone  
  138  10:21  Spore Crawler  
  141  10:27  Spine Crawler  
  140  10:30  Spore Crawler  
  140  10:32  Zergling x12  
  140  10:34  Spore Crawler  
  144  10:39  Overlord x3  
  144  10:40  Zergling x2  
  145  10:43  Hive  
  145  10:45  Zerg Flyer Weapons Level 1  
  145  10:49  Zergling x4  
  147  10:50  Drone x2, Zergling x4  
  147  10:51  Zergling x2  
  147  10:54  Hatchery  
  151  10:59  Zergling x6  
  151  11:00  Zergling x4  
  151  11:01  Hydralisk Den  
  140  11:26  Mutalisk x2  
  140  11:27  Mutalisk x2  
  140  11:28  Zergling x10  
  142  11:43  Mutalisk x5  
  142  11:44  Mutalisk x2  
  142  11:45  Zergling x12  
  160  11:50  Drone  
  160  12:02  Ultralisk Cavern, Evolution Chamber x2  
  160  12:03  Corruptor x2  
  132  12:18  Corruptor x2  
  132  12:22  Zergling x6  
  132  12:24  Zergling x12  
  132  12:25  Zergling x4  
  139  12:30  Hydralisk x4  
  139  12:31  Hydralisk  
  145  12:40  Zergling x8  
  145  13:00  Mutalisk x2, Corruptor x2  
  145  13:01  Mutalisk  
  145  13:04  Hydralisk  
  154  13:05  Hydralisk  
  154  13:08  Queen  
  154  13:10  Drone x4  
  161  13:17  Spine Crawler  
  161  13:18  Drone  
  161  13:19  Drone x3, Ultralisk  
  170  13:20  Zergling x6  
  170  13:21  Zergling x2  
  170  13:23  Zerg Melee Weapons Level 1  
  174  13:43  Queen  
  176  13:51  Hatchery, Ultralisk, Overlord  
  176  13:52  Overlord x8  
  181  13:56  Greater Spire  
  181  13:57  Muscular Augments  
  181  13:58  Anabolic Synthesis  
  168  14:30  Ultralisk x4  
  187  14:31  Zergling x4  
  187  14:32  Zergling x10  
  167  14:49  Hydralisk  
  167  14:50  Hydralisk x5  
  167  14:51  Zergling x4  
  167  14:52  Drone x6, Zergling x2  
  182  14:53  Drone x2  
  184  15:02  Zergling x10  
  184  15:03  Zergling x4  
  184  15:04  Zergling x2  
  186  15:12  Brood Lord x2  
  182  15:16  Brood Lord  
  163  15:34  Brood Lord x4  
  168  15:36  Zerg Ground Armor Level 1  
  168  15:50  Lurker Den  
  151  16:02  Brood Lord x2, Corruptor  
  154  16:24  Corruptor x4  
  148  16:45  Mutalisk x4  
  156  16:51  Mutalisk  
  156  16:52  Zergling x10  
  156  16:53  Drone x3  
  163  17:16  Drone x8  
  171  17:30  Hatchery  
  169  18:02  Drone x3, Zergling x4  
  186  18:07  Hatchery  
  186  18:10  Lurker x4  
Show
View Real Time Build Order
Export as new Build Order

Massa Terran - Winner!

Build Orders:  

Get SALT Encoding   

  12  0:00  SCV  
  13  0:12  SCV  
  14  0:19  Supply Depot  
  14  0:24  SCV  
  15  0:41  SCV, Barracks  
  16  0:47  Refinery  
  16  0:53  SCV  
  17  1:01  Refinery  
  17  1:05  SCV  
  18  1:17  SCV  
  19  1:29  SCV  
  19  1:30  Reaper  
  21  1:34  Supply Depot  
  21  1:41  Orbital Command  
  21  1:49  Factory  
  22  2:08  SCV  
  22  2:22  Command Center  
  22  2:24  SCV  
  23  2:33  Starport  
  23  2:36  Widow Mine  
  25  2:43  SCV  
  26  2:46  Barracks Tech Lab  
  26  2:51  Armory  
  26  2:55  SCV  
  27  2:59  Widow Mine  
  29  3:27  Starport Tech Lab  
  29  3:30  SCV  
  29  3:33  Cyclone  
  33  3:42  SCV  
  34  3:51  Marine  
  34  3:55  Medivac  
  37  4:05  Cyclone  
  36  4:19  Barracks Reactor  
  36  4:21  Orbital Command  
  36  4:22  SCV  
  37  4:33  Supply Depot  
  37  4:34  SCV, Barracks, Supply Depot  
  37  4:35  Barracks  
  37  4:37  Barracks  
  38  4:57  Cyclone, Marine  
  38  4:58  Marine  
  43  5:15  Marine x2  
  45  5:21  Mag-Field Accelerator  
  45  5:39  SCV x2  
  46  5:51  SCV x2  
  48  6:03  SCV  
  49  6:20  Marine  
  49  6:21  Marine  
  49  6:22  SCV x2  
  53  6:32  Engineering Bay  
  53  6:33  Barracks Reactor, Barracks Tech Lab x2  
  53  6:34  SCV x2  
  53  6:38  Marine x2  
  57  6:56  Marine x2  
  59  7:13  Marine  
  60  7:22  SCV  
  61  7:28  Smart Servos  
  58  7:34  Supply Depot  
  58  7:35  Stimpack, Terran Infantry Weapons Level 1, Supply Depot  
  58  7:36  Supply Depot x2, Combat Shield  
  58  7:37  Engineering Bay, Supply Depot  
  58  7:38  Marauder x2, Supply Depot  
  62  7:44  Refinery  
  62  7:45  Refinery  
  62  7:47  Command Center  
  62  7:53  Sensor Tower  
  62  7:54  Missile Turret  
  62  7:55  Marine x2, Thor, Missile Turret  
  62  7:56  SCV x2, Raven, Marine x2  
  76  7:59  Marauder  
  76  8:00  Missile Turret  
  76  8:01  Missile Turret  
  76  8:02  Terran Vehicle And Ship Armor Level 1  
  78  8:08  SCV x2  
  80  8:13  Marine x2  
  80  8:14  Marine x2  
  84  8:20  SCV x2  
  84  8:23  Corvid Reactor  
  88  8:27  Marauder x2  
  88  8:31  Marine x2  
  88  8:32  Marine  
  88  8:33  SCV x2  
  95  8:37  Terran Infantry Armor Level 1  
  95  8:45  SCV x2, Barracks  
  95  8:46  Barracks  
  99  8:48  Marauder  
  99  8:53  Thor  
  99  8:55  Barracks  
  105  8:57  SCV  
  106  9:19  Planetary Fortress  
  106  9:21  SCV x2  
  108  9:33  SCV x2  
  110  9:47  Marauder x2, Marine  
  110  9:48  Marine x3  
  110  9:51  Barracks Reactor, Barracks Tech Lab x2  
  110  9:52  Terran Infantry Weapons Level 2  
  118  9:57  Terran Vehicle Weapons Level 1  
  118  10:01  SCV x2  
  118  10:02  SCV  
  118  10:05  Missile Turret  
  121  10:08  Marauder x2  
  121  10:12  Refinery  
  125  10:15  Refinery  
  125  10:16  Command Center  
  125  10:49  Supply Depot  
  125  10:50  Supply Depot x3  
  125  10:51  Supply Depot  
  125  10:52  Supply Depot  
  125  10:53  Supply Depot  
  125  10:56  Supply Depot  
  125  10:59  Supply Depot  
  125  11:10  Marauder x2, Marine x4  
  125  11:11  SCV x2, Marauder x2, Marine x2  
  133  11:13  Supply Depot  
  133  11:15  Supply Depot  
  133  11:16  Supply Depot  
  141  11:28  Marine  
  141  11:29  Marine  
  141  11:32  Marauder x2  
  147  11:33  Marauder x2  
  147  11:38  Supply Depot  
  95  11:49  Marine x6  
  95  11:53  Marauder x2  
  96  11:54  Marauder x2  
  96  11:55  SCV  
  96  11:56  SCV x2  
  103  12:06  Marine  
  103  12:07  Marine  
  103  12:08  SCV x2, Sensor Tower  
  107  12:13  Factory  
  107  12:15  Marauder x2  
  115  12:16  Marauder x2  
  115  12:19  Factory  
  115  12:36  Marauder x2  
  120  12:37  Marauder  
  122  12:44  Marauder, Marine x3  
  122  12:45  Marine x3  
  122  12:50  Planetary Fortress  
  128  12:52  SCV  
  128  12:53  SCV x2  
  128  12:57  Marauder x2, Thor  
  143  12:58  Marauder  
  143  13:02  Marine x2  
  143  13:04  SCV  
  143  13:05  Terran Infantry Armor Level 2, SCV x2, Marauder, Terran Infantry Weapons Level 3  
  150  13:06  Concussive Shells, Ghost Academy  
  150  13:15  Medivac  
  150  13:19  Marauder x2  
  158  13:20  Marauder  
  158  13:27  Marauder  
  160  13:40  Thor  
  162  13:45  Medivac  
  159  13:51  Marauder x4, Marine x2  
  159  13:52  Marine x3  
  171  13:56  Factory Tech Lab x2  
  171  14:08  Starport  
  171  14:12  Refinery x2, Marauder  
  171  14:13  Marauder x3  
  171  14:15  Medivac  
  181  14:18  Starport  
  181  14:23  Thor  
  152  14:33  Marauder  
  152  14:34  Marauder x3  
  107  14:54  Marine x6  
  107  14:55  Marauder x4  
  115  15:05  Thor  
  121  15:08  Starport Reactor x2  
  121  15:12  Marine x5  
  126  15:15  Ghost  
  126  15:16  Ghost x3  
  126  15:19  Thor x2  
  126  15:21  Marine  
  133  15:29  Marine  
  133  15:30  Marine x3  
  137  15:38  Missile Turret  
  137  15:42  Missile Turret  
  137  15:44  Ghost x2, Missile Turret  
  137  15:45  Marauder x2, Supply Depot  
  137  15:48  Thor, Supply Depot  
  151  16:03  Marine  
  151  16:04  Marine x5  
  153  16:07  Marauder x2  
  153  16:09  Supply Depot  
  161  16:11  Supply Depot  
  161  16:13  Marauder, Marine  
  162  16:34  Supply Depot  
  142  16:48  Marauder x4, Marine  
  142  16:49  Marine x5  
  138  17:06  Marine  
  138  17:07  Marine x5  
  136  17:09  Marauder x2  
  136  17:10  Marauder x2  
  142  17:24  Marine x3  
  142  17:25  Marine  
  144  17:31  Marauder x3  
  145  17:41  Marauder, Marine x2  
  145  17:42  Marine x2  
  151  17:52  Marauder x3  
  157  18:02  Marauder  
Tags
 
Add a new tag
Caveats
  • Supply blocks, unpowered buildings, or Contaminate may cause inaccurate times.
  • Supply counts are checked every 10 seconds.